 Dungeon Crawl Stone Soup version 0.18-a0-312-g61bb5a5 (webtiles) character file.

2838 Ordine the Cleaver (level 10, 0/70 HPs)
             Began as a Formicid Fighter on Nov 27, 2015.
             Was a Believer of Qazlal.
             Killed from afar by an electric eel (6 damage)
             ... with a bolt of electricity
             ... on level 7 of the Dungeon.
             The game lasted 00:24:38 (7795 turns).

Ordine the Cleaver (Formicid Fighter)               Turns: 7795, Time: 00:24:38

Health: 0/70       AC: 12    Str: 21    XL:     10   Next: 3%
Magic:  0/10       EV:  6    Int:  8    God:    Qazlal [**....]
Gold:   345        SH: 16    Dex: 13    Spells: 0 memorised, 9 levels left

rFire  . . .     SeeInvis +     i - +4 war axe
rCold  . . .     Clarity  .     d - +0 plate armour
rNeg   . . .     SustAt   .     c - +1 shield
rPois  .         Gourm    .     (helmet unavailable)
rElec  .         Spirit   +     s - +0 cloak
rCorr  .         Warding  .     (no gloves)
rMut   .         Stasis   +     (no boots)
MR     +....                    t - amulet of guardian spirit
Stlth  ..........               (no ring)
                                f - ring of wizardry

@: flying, somewhat resistant to hostile enchantments, extremely unstealthy
A: permanent stasis, dig shafts and tunnels, four strong arms, antennae 3
a: Dig, Shaft Self, Upheaval, Renounce Religion


You were on level 7 of the Dungeon.
You worshipped Qazlal.
Qazlal was pleased with you.
You were hungry.

You visited 2 branches of the dungeon, and saw 8 of its levels.

You collected 345 gold pieces.

Inventory:

Hand Weapons
 i - a +4 war axe (weapon)
Armour
 c - a +1 shield (worn)
 d - a +0 plate armour (worn)
 s - a +0 cloak (worn)
Jewellery
 f - a ring of wizardry (left hand)
 p - an uncursed amulet of resist corrosion
 t - an amulet of guardian spirit (around neck)
Wands
 w - a wand of disintegration (14)
Scrolls
 g - 2 scrolls of amnesia
 q - a scroll of enchant weapon
Potions
 h - a potion of lignification
 l - a potion of magic
 r - a potion of degeneration {unknown}
 u - a potion of might
Comestibles
 a - 3 fruits
 b - 5 meat rations
 e - 4 bread rations
 v - 2 slices of pizza


   Skills:
 - Level 3.2 Fighting
 * Level 10.7 Axes
 - Level 3.2 Armour
 + Level 9.9 Shields


You had 9 spell levels left.
You didn't know any spells.

Dungeon Overview and Level Annotations

Branches:
Dungeon (7/15)             Temple (1/1) D:6

Altars:
Ashenzari
Cheibriados
Dithmenos
Elyvilon
Fedhas
Kikubaaqudgha
Makhleb
Nemelex Xobeh
Okawaru
Qazlal
Ru
Sif Muna
Trog
Vehumet
Xom
Yredelemnul
Zin
The Shining One


Innate Abilities, Weirdness & Mutations

You are under a permanent stasis effect.
You can dig through walls and to a lower floor.
Your four strong arms can wield two-handed weapons with a shield.
You have a pair of large antennae on your head (SInv).


Message History

The bolt of electricity hits the electric eel.
The electric eel completely resists.
The bolt of electricity hits the sky beast.
The sky beast completely resists.
Okay, then.
The electric eel shoots out a bolt of lightning at you!
The bolt of electricity hits you!
* * * LOW HITPOINT WARNING * * *
The bolt of electricity hits you!
* * * LOW HITPOINT WARNING * * *
The bolt of electricity hits the electric eel.
The electric eel completely resists.
The electric eel shoots out a bolt of lightning at you!
The bolt of electricity hits the electric eel.
The electric eel completely resists.
The bolt of electricity hits the sky beast.
The sky beast completely resists.
The bolt of electricity hits you!
* * * LOW HITPOINT WARNING * * *
The bolt of electricity hits you!
You die...

#.P.≈≈≈≈#####'### #.#.
..(≈≈≈≈≈≈≈##..# { #.#.
P.≈≈≈≈≈≈≈###''## #.#.
.P.≈≈######....# ## #.##
....≈≈≈≈# #....# ≈≈≈ #.##
....≈≈≈≈# #....# ≈≈≈≈ #...
PP..≈######....######≈;≈≈≈ #.##
#.P..≈≈≈≈#.####.#≈§≈≈≈≈≈≈≈ #...
##....≈≈≈≈## ##@Y;≈≈≈≈≈≈≈ #.##
##P.P.≈### ###≈≈≈≈≈≈≈≈ #...
##############################.##
.[...........................)...
#####..##################........
##.##########################
#>..........................
#############...............
#.###########...


You could see a sky beast and 2 electric eels.

Vanquished Creatures
  A two-headed ogre (D:7)
  2 hungry ghosts (D:7)
  An ice beast (D:6)
  2 sky beasts
  4 centaurs
  3 ogres
  A gnoll sergeant (D:7)
  4 giant frogs
  A big kobold (D:7)
  3 killer bees (D:7)
  A crimson imp (D:5)
  5 electric eels (D:7)
  4 hounds
  4 orc priests
  A jelly (D:7)
  5 worker ants
  2 iguanas
  3 orc wizards
  6 adders
  9 gnolls
  An ooze (D:4)
  An adder zombie (D:5)
  3 worms
  7 giant geckos
  21 orcs
  2 ball pythons
  9 bats
  6 giant cockroaches
  11 hobgoblins
  11 jackals
  12 kobolds
  2 quokkas
  6 giant newts
  13 goblins
  2 quokka skeletons
  A quokka zombie (D:5)
  6 rats
  A plant (D:7)
177 creatures vanquished.

Notes
Turn   | Place    | Note
--------------------------------------------------------------
     0 | D:1      | Ordine the Formicid Fighter began the quest for the Orb.
     0 | D:1      | Reached XP level 1. HP: 18/18 MP: 1/1
   283 | D:1      | Reached XP level 2. HP: 21/24 MP: 2/2
   321 | D:1      | Reached skill level 4 in Shields
   382 | D:1      | Reached XP level 3. HP: 24/29 MP: 3/3
  1009 | D:2      | Found a shattered altar of Ashenzari.
  1308 | D:2      | Reached XP level 4. HP: 35/35 MP: 4/4
  1674 | D:3      | Reached XP level 5. HP: 38/41 MP: 5/5
  1814 | D:3      | Found a stormy altar of Qazlal.
  1832 | D:3      | Became a worshipper of Qazlal Stormbringer
  2058 | D:3      | Reached skill level 5 in Shields
  2096 | D:3      | Found an iron altar of Okawaru.
  2357 | D:4      | Noticed an ogre
  2363 | D:4      | HP: 1/41 [ogre/giant club (30)]
  2369 | D:4      | Killed an ogre
  2369 | D:4      | Reached skill level 5 in Axes
  2369 | D:4      | Reached XP level 6. HP: 16/47 MP: 6/6
  2751 | D:4      | Reached * piety under Qazlal
  3159 | D:4      | Reached skill level 6 in Shields
  3455 | D:4      | Reached XP level 7. HP: 52/52 MP: 7/7
  3470 | D:4      | Found a deep blue altar of Sif Muna.
  3534 | D:5      | Entered Level 5 of the Dungeon
  3808 | D:5      | Reached ** piety under Qazlal
  4071 | D:5      | Reached XP level 8. HP: 47/58 MP: 8/8
  4321 | D:6      | Reached skill level 7 in Axes
  4825 | D:6      | Found a staircase to the Ecumenical Temple.
  4832 | Temple   | Entered the Ecumenical Temple
  5198 | D:6      | Reached skill level 8 in Axes
  5685 | D:7      | Noticed a two-headed ogre
  5691 | D:7      | Killed a two-headed ogre
  5691 | D:7      | Reached skill level 9 in Axes
  5691 | D:7      | Reached XP level 9. HP: 64/64 MP: 9/9
  6359 | D:7      | Reached skill level 10 in Axes
  7218 | D:7      | Reached XP level 10. HP: 57/70 MP: 7/10
  7795 | D:7      | Killed from afar by an electric eel

Vault maps used:
D:1:      tarquinn_simple_flora_water_d, solitary_fountain
D:2:      ashenzari_conservatory_becter
D:3:      grunt_qazlal_sundering, first_bread, okawaru_altar_gauntlet_db
D:4:      led_sif_pool
D:6:      minmay_temple_entry_nine_rooms, kennysheep_generic_room_12
D:7:      wad_lake_hut
Temple:   lightli_temple_of_artemis

Action                   |  1- 3 |  4- 6 |  7- 9 | 10-12 || total
-------------------------+-------+-------+-------+-------++-------
Melee: War axe           |   109 |   179 |   267 |     6 ||   561
Invok: Upheaval          |       |       |     1 |       ||     1
  Use: Scroll            |     4 |     5 |     9 |       ||    18
       Potion            |       |     5 |     3 |     1 ||     9
  Eat: Chunk             |     1 |     8 |    11 |       ||    20
       Royal jelly       |       |       |     1 |     1 ||     2
       Beef jerky        |       |       |     1 |       ||     1
